 Dungeon Sprint DCSS version 0.22-a0-358-g7563fe7 (webtiles) character file.

28 KristoblXynda the Chopper (level 2, -1/22 HPs)
             Began as a Demonspawn Gladiator on Apr 18, 2018.
             Slain by a human (8 damage)
             ... in the Dungeon (Sprint III: "The Ten Rune Challenge").
             The game lasted 00:00:53 (332 turns).

KristoblXynda the Chopper (Demonspawn Gladiator)     Turns: 332, Time: 00:00:54

Health: -1/22      AC:  4    Str: 14    XL:     2   Next: 96%
Magic:  2/2        EV: 14    Int:  9    God:
Gold:   6          SH:  0    Dex: 14    Spells: 1/1 levels left

rFire    . . .     SeeInvis .   a - +0 war axe
rCold    . . .     Gourm    .   (no shield)
rNeg     + . .     Faith    .   l - +1 robe {rN+}
rPois    .         Spirit   .   c - +0 helmet
rElec    .         Reflect  .   (no cloak)
rCorr    .         Harm     .   (no gloves)
MR       .....     NoTele   +   (no boots)
Stlth    ++........             (no amulet)
HPRegen  0.07/turn              (no ring)
MPRegen  0.08/turn              (no ring)

@: no status effects
A: nightstalker 1
a: no special abilities


You were in the Dungeon.
You were not hungry.

You visited 1 branch You collected 6 gold pieces.

Inventory:

Hand Weapons
 a - a +0 war axe (weapon)
 m - a cursed -1 club
Missiles
 d - 2 throwing nets (quivered)
Armour
 c - a +0 helmet (worn)
 l - a +1 robe of positive energy (worn)
Scrolls
 k - a scroll of blinking
Potions
 e - a potion of curing
 g - a potion of heal wounds
 h - a potion of haste
 i - 2 potions of magic
 j - a potion of berserk rage
Comestibles
 f - 2 rations


   Skills:
 - Level 2.0 Fighting
 * Level 5.1 Axes
 - Level 2.0 Throwing
 + Level 4.0 Dodging


You had one spell level left.
You didn't know any spells.

Dungeon Overview and Level Annotations

Branches:
Dungeon (1/1)

Altars:


Innate Abilities, Weirdness & Mutations

You are slightly more attuned to the shadows.


Message History

The human closely misses you.
You hit the human.
The human is lightly wounded.
The human hits you.
You barely miss the human.
The human is lightly wounded.
The human closely misses you.
You slash the human!
The human is moderately wounded.
The human hits you but does no damage. The human hits you!
You barely miss the human.
The human is moderately wounded.
The human hits you.
You closely miss the human.
The human is moderately wounded.
The human hits you.
You hit the human.
The human is heavily wounded.
The human hits you!
You die...

▓▓▓▓▓▓▓▓▓
▓<..#...####
▓...#......##
▓..##.....÷.#
▓##.##.##...# .#
##.##.###..# ..#
▓#.####.##..# ...+
▓.###..##.@##
#p..# ▓#.....##.p#
#....#
###..##...##.....#
##..##....#......#
#..###..##.#..W..#
#..# #..#####....#
▓▓▓▓ ▓▓▓▓ ▓▓▓▓▓


You could see a human.

Vanquished Creatures
  Jessica (D)
  3 rats (D)
4 creatures vanquished.

Vanquished Creatures (others)
  2 draconian scorchers (D)
  6 hellions (D)
  2 yaktaurs (D)
10 creatures vanquished.

Grand Total: 14 creatures vanquished

Notes
Turn   | Place    | Note
-------+----------+-------------------------------------------
     0 | D        | KristoblXynda the Demonspawn Gladiator began the quest for the Orb.
     0 | D        | Reached XP level 1. HP: 16/16 MP: 1/1
    23 | D        | Reached skill level 3 in Axes
    82 | D        | Killed a yaktaur
   133 | D        | Killed a hellion
   134 | D        | Killed a hellion
   134 | D        | Killed a hellion
   145 | D        | Noticed Jessica
   151 | D        | Killed Jessica
   151 | D        | Reached skill level 5 in Axes
   151 | D        | Gained mutation: You are slightly more attuned to the shadows. [demonic ancestry]
   151 | D        | Reached XP level 2. HP: 10/22 MP: 2/2
   190 | D        | Killed a white draconian scorcher
   202 | D        | Killed a hellion
   235 | D        | Killed a hellion
   238 | D        | Killed a hellion
   277 | D        | Killed a white draconian scorcher
   323 | D        | Killed a yaktaur
   332 | D        | Slain by a human

Vault maps used:
D:        dungeon_sprint_mu

Skill      XL: |  1 |
---------------+----+-----
Axes           | 5 |  5.1
Throwing       | 2 |  2.0
Dodging        | 4 |  4.0
Fighting       | |  2.0

Action                   || total
-------------------------++-------
Melee: War axe           ||    29
Throw: Throwing net      ||     1
 Stab: Held in net/web   ||     1
       Sleeping          ||     1
Armor: Leather armour    ||     3
       Robe              ||     2
Dodge: Dodged            ||    16

Table legend:
 A = Spawn XP
 B = Non-spawn XP
 C = Spawn XP percentage of total XP
 D = Spawn monster count
 E = Non-spawn monster count
 F = Spawn count percentage of total count
 G = Total turns spent on level
                    A         B        C        D         E        F      G
               +---------+---------+-------+---------+---------+-------+---------
         Total |       0 |      40 |   0.0 |       0 |       4 |   0.0 |   332
               +---------+---------+-------+---------+---------+-------+---------
             D |       0 |      40 |   0.0 |       0 |       4 |   0.0 |   332
               +---------+---------+-------+---------+---------+-------+---------
